 Dungeon Crawl Stone Soup version 0.21.0-25-ge575cb9 (webtiles) character file.

50893 loljkpro the Unseen (level 14, -1/52 HPs)
             Began as a Spriggan Enchanter on Jan 26, 2018.
             Was an Initiate of Gozag.
             Killed by divine providence
             ... invoked by a smoke demon
              (15 damage)
             ... on level 2 of the Abyss.
             The game lasted 02:08:03 (34953 turns).

loljkpro the Unseen (Spriggan Enchanter)           Turns: 34953, Time: 02:08:04

Health: -1/52      AC:  5    Str: 11      XL:     14   Next: 21%
Magic:  21/27      EV: 26    Int: 22 (23) God:    Gozag
Gold:   4067       SH:  0    Dex: 17      Spells: 9/29 levels left

rFire    + . .     SeeInvis +   T - +6 rapier of Goef {venom, *Drain +Blink Str+7 Int+4}
rCold    . . .     Gourm    .   (shield restricted)
rNeg     . . .     Faith    .   S - +0 robe {MR+}
rPois    .         Spirit   .   (helmet restricted)
rElec    .         Reflect  .   k - +2 cloak {+Inv}
rCorr    .         Harm     .   (gloves unavailable)
MR       +++..                  (boots unavailable)
Stlth    ++++++....             r - amulet of regeneration
HPRegen  0.57/turn              z - ring of protection from fire
MPRegen  0.20/turn              U - +2 ring of intelligence

@: about to teleport, gold aura, drained, very quick
A: very small, unfitting armour, see invisible, [deterioration 2], [dopey 2],
herbivore, speed 3, [frail 3], [screaming 2], slow metabolism 2, [no potion heal
2], [subdued magic 2], [MP-powered wands]
a: Potion Petition, Call Merchant, Bribe Branch, Renounce Religion, Evoke Blink,
Evoke Invisibility


You were on level 2 of the Abyss.
You worshipped Gozag.
Gozag was most pleased with you.
You were not hungry.

You visited 4 branches of the dungeon, and saw 22 of its levels.
You visited the Abyss 1 time.
You also visited: Labyrinth.

You collected 5546 gold pieces.
You spent 1374 gold pieces at shops.
You paid 105 gold pieces to Gozag.

Inventory:

Hand Weapons
 C - a +0 hunting sling
 T - the +6 rapier of Goef (weapon) {venom, *Drain +Blink Str+7 Int+4}
   (You took it off a minotaur in a labyrinth)

   It poisons the flesh of those it strikes.
   It affects your strength (+7).
   It affects your intelligence (+4).
   It lets you blink.
   It causes draining when unequipped.
Missiles
 f - 610 stones (quivered)
 q - a throwing net
 M - 26 poisoned needles
Armour
 k - a +2 cloak of invisibility (worn)
 S - a +0 robe of magic resistance (worn)
Jewellery
 i - an uncursed ring of poison resistance {unknown}
 n - an uncursed amulet of rage
 r - an amulet of regeneration (around neck)
 y - an uncursed ring of positive energy
 z - a ring of protection from fire (left hand)
 F - an uncursed ring of protection from cold
 U - a +2 ring of intelligence (right hand)
Wands
 a - a wand of iceblast (31)
 t - a wand of random effects (89)
 w - a wand of acid (24)
 I - a wand of enslavement (33)
 J - a wand of disintegration (5)
 R - a wand of paralysis (13)
 V - a wand of flame (68)
 Y - a wand of clouds (7)
 Z - a wand of digging (14)
Scrolls
 b - 6 scrolls of identify
 c - a scroll of brand weapon {unknown}
 h - 6 scrolls of teleportation
 j - 7 scrolls of fog
 m - 6 scrolls of remove curse
 u - 2 scrolls of fear
 x - a scroll of enchant weapon
 E - 3 scrolls of magic mapping
 P - a scroll of blinking {unknown}
Potions
 d - 5 potions of agility
 e - a potion of cancellation {unknown}
 g - 4 potions of flight
 l - 2 potions of haste
 o - 2 potions of curing
 p - 6 potions of lignification
 v - a potion of heal wounds
 B - a potion of magic
 D - 4 potions of might
 H - a potion of berserk rage
 K - a potion of resistance
 L - 3 potions of brilliance
 O - 2 potions of invisibility
Miscellaneous
 N - a lamp of fire
 W - a phantom mirror
Comestibles
 s - 26 rations


   Skills:
 - Level 9.1(9.0) Fighting
 - Level 14.0(13.9) Short Blades
 - Level 10.0 Dodging
 + Level 16.2(16.1) Stealth
 - Level 8.1(8.0) Spellcasting
 - Level 3.3(3.2) Conjurations
 - Level 12.3(12.2) Hexes
 - Level 3.3 Ice Magic
 - Level 4.2(4.1) Evocations


You had 9 spell levels left.
You knew the following spells:

 Your Spells              Type           Power        Failure   Level  Hunger
a - Corona                Hex            #####..      0%          1    None
b - Mephitic Cloud        Conj/Pois/Air  #.......     10%         3    None
c - Confuse               Hex            #####...     1%          3    None
e - Metabolic Englaciati  Hex/Ice        ####......   5%          5    #####..
f - Dazzling Spray        Conj/Hex       ####..       1%          3    None
i - Ensorcelled Hibernat  Hex/Ice        ####..       1%          2    None
t - Tukima's Dance        Hex            #####...     1%          3    None


Dungeon Overview and Level Annotations

Branches:
Dungeon (13/15)            Temple (1/1) D:5            Lair (6/6) D:10
 Shoals (0/4) Lair:4       Spider (0/4) Lair:3        Slime (0/5) Lair:5
    Orc (2/2) D:9
    Elf: Orc:2       Vaults: D:13-14

Altars:
Ashenzari
Fedhas
Gozag
Hepliaklqana
Kikubaaqudgha
Okawaru
Ru
Sif Muna
Trog
Uskayaw
Yredelemnul
Beogh

Shops:
D:9 [*   D:12 [   Orc:1 [

Annotations:
D:12 Kirke; Thaneod's ghost, journeyman DEFE
Lair:6 bmj180's ghost, journeyman MiFi


Innate Abilities, Weirdness & Mutations

You are very small and have problems with some larger weapons.
You are too small for most types of armour.
You have supernaturally acute eyesight. (SInv)
You are a herbivore.
You cover ground extremely quickly.
You need consume almost no food.
[Your body often deteriorates upon taking damage.]
[You are very dopey. (Int -4)]
[You are extremely frail. (-30% HP)]
[You sometimes yell uncontrollably at your foes.]
[Potions are poor at restoring your health.]
[Your spells are easier to cast, but less powerful.]
[You expend magic power (3 MP) to strengthen your wands.]


Message History

The wretched star pulses with an eldritch light!
Your connection to magic feels subdued.
Your connection to magic feels more subdued.
The smoke demon gestures at you. Something smites you!
A ynoxinul comes into view.
You take 10 damage, and have 28/52 hp.
The tentacled starspawn is distracted by your gold.
The ynoxinul moves out of view.
The wretched star pulses with an eldritch light!
You feel the urge to shout.
You feel a strong urge to yell.
You feel yourself wasting away.
You feel your body start to fall apart. The thrashing horror tramples you!
* * * LOW HITPOINT WARNING * * *
Your body deteriorates!
You feel dopey.
You stumble backwards!
The smoke demon gestures at you. Something smites you!
You die...
Your body crumbles into a pile of gold.

.# .## .# .... . #.
..# #..##.#♣♣#.G#
##.####...X#......#
...........#......#
...........#......#
#......##........#
##......##.####.###
.......@X.........#
.............3....#
..................#
........t...*.....#
..................#
..................#
##......##......###
#......##......##
... §.........#


You could see a wretched star, an apocalypse crab (wandering), a thrashing
horror and a smoke demon.

Vanquished Creatures
  Rupert (Orc:2)
  A minotaur (Lab)
  Josephine (Lair:4)
  5 hydras
  2 two-headed ogres
  An orc high priest (Orc:2)
  Urug (D:11)
  A thrashing horror (Abyss:2)
  A shock serpent (shapeshifter) (Abyss:2)
  A wretched star (Abyss:2)
  A sixfirhy (Abyss:2)
  A deep elf mage (D:12)
  An ugly thing (D:11)
  The ghost of Ashar the Cleaver, a novice DsMo of Cheibriados (D:6)
  A slime creature (D:13)
  3 cyclopes (D:11)
  Maurice (D:13)
  An apocalypse crab (Abyss:2)
  3 black mambas
  A gargoyle (D:11)
  A torpor snail (Lair:6)
  An efreet (Abyss:2)
  13 spiny frogs
  3 komodo dragons
  4 rime drakes
  2 ancient zymes (Abyss:2)
  3 trolls
  The ghost of HEYYEYAAE the Sneak, an amateur NaGl (D:5)
  A polar bear (Lair:4)
  4 jumping spiders (Lair:3)
  A small abomination (Abyss:2)
  8 blink frogs
  6 hippogriffs
  Grinder (D:6)
  A dream sheep (D:9)
  5 wraiths
  4 wyverns
  2 redbacks (Lair:3)
  A water elemental (Abyss:2)
  A vampire (D:6)
  3 hogs (D:13)
  48 yaks
  A fire bat (Abyss:2)
  Grum (D:11)
  5 hungry ghosts
  A neqoxec (Abyss:2)
  3 vampire mosquitoes (D:12)
  The ghost of loralnil the Shield-Bearer, an amateur GrFi (D:3)
  15 water moccasins
  4 porcupines
  3 hell hounds (Abyss:2)
  A black bear (D:11)
  13 orc warriors
  2 ice beasts
  5 sky beasts
  13 wolves
  A hornet zombie (D:11)
  8 ogres
  A phantom (D:4)
  2 centaurs
  16 crocodiles
  4 big kobolds
  16 bullfrogs
  A wyvern zombie (D:13)
  A water moccasin zombie (D:8)
  3 scorpions
  13 killer bees
  4 wights
  2 electric eels
  4 howler monkeys
  3 crimson imps
  A centaur zombie (D:6)
  A quasit (Abyss:2)
  6 jellies
  2 bullfrog zombies
  8 hounds
  4 bullfrog skeletons
  26 orc priests
  9 orc wizards
  3 centaur skeletons
  6 iguanas
  Natasha (thrice) (D:4)
  6 worker ants
  A killer bee zombie (D:9)
  A hound zombie (D:9)
  A howler monkey zombie (D:9)
  Robin (D:3)
  7 gnolls (D:3)
  A howler monkey skeleton (D:10)
  9 adders
  A shadow imp (D:5)
  A white imp (Abyss:2)
  3 oozes
  3 adder skeletons
  An adder zombie (D:5)
  5 worms
  4 dart slugs (D:1)
  12 leopard geckos
  59 orcs
  3 ball pythons
  5 giant cockroaches
  4 hobgoblins
  9 jackals
  18 kobolds
  4 quokkas
  7 bats
  2 frilled lizards (D:1)
  17 goblins
  A leopard gecko skeleton (D:4)
  7 rats
  A spectral orc (D:9)
  A fungus (Lair:6)
  A plant (Lab)
555 creatures vanquished.

Vanquished Creatures (collateral kills)
  A two-headed ogre (D:13)
  A dream sheep (D:9)
  4 orc warriors
  A big kobold (D:9)
  A killer bee (D:7)
  3 wights
  A crimson imp (D:6)
  An orc wizard (D:9)
  2 orc priests
  2 gnolls (D:3)
  A leopard gecko (D:6)
  11 orcs
  A quokka (D:11)
30 creatures vanquished.

Vanquished Creatures (others)
  7 dancing weapons
  A jackal (D:7)
  3 bushes (Lair:6)
  9 fungi
  8 plants
  4 starspawn tentacles (Abyss:2)
32 creatures vanquished.

Grand Total: 617 creatures vanquished

Notes
Turn   | Place    | Note
-------+----------+-------------------------------------------
     0 | D:1      | loljkpro the Spriggan Enchanter began the quest for the Orb.
     0 | D:1      | Reached XP level 1. HP: 9/9 MP: 5/5
  1320 | D:1      | Reached skill level 5 in Stealth
  1320 | D:1      | Reached XP level 2. HP: 13/13 MP: 5/7
  1358 | D:1      | Learned a level 2 spell: Ensorcelled Hibernation
  1909 | D:1      | Reached XP level 3. HP: 16/16 MP: 8/8
  2321 | D:2      | Found a shattered altar of Ashenzari.
  2786 | D:2      | Learned a level 3 spell: Confuse
  3950 | D:3      | Reached XP level 4. HP: 12/21 MP: 0/9
  4224 | D:3      | Noticed loralnil's ghost (amateur GrFi)
  4356 | D:3      | HP: 1/21 [gnoll/enchanted whip (10)]
  4709 | D:3      | Killed loralnil's ghost
  4709 | D:3      | Reached skill level 5 in Short Blades
  4709 | D:3      | Reached XP level 5. HP: 8/24 MP: 4/10
  4866 | D:3      | Learned a level 3 spell: Tukima's Dance
  5536 | D:3      | Noticed Robin
  5566 | D:3      | Killed Robin
  5956 | D:3      | Reached XP level 6. HP: 12/28 MP: 5/13
  6418 | D:4      | Noticed Natasha
  6424 | D:4      | Killed Natasha
  6432 | D:4      | Reached skill level 5 in Hexes
  6745 | D:2      | Learned a level 3 spell: Dazzling Spray
  7254 | D:4      | Noticed Natasha
  7260 | D:4      | Killed Natasha
  7260 | D:4      | Reached skill level 5 in Spellcasting
  7401 | D:4      | Noticed Natasha
  7812 | D:4      | Killed Natasha
  7812 | D:4      | Reached XP level 7. HP: 17/32 MP: 0/16
  8155 | D:5      | Entered Level 5 of the Dungeon
  8285 | D:5      | Noticed HEYYEYAAE's ghost (amateur NaGl)
  8299 | D:5      | Killed HEYYEYAAE's ghost
  8982 | D:5      | Found a hide-covered altar of Uskayaw.
  9088 | D:5      | Found a staircase to the Ecumenical Temple.
  9137 | Temple   | Entered the Ecumenical Temple
  9154 | Temple   | Became a worshipper of Gozag Ym Sagoz the Greedy
  9322 | D:5      | Reached XP level 8. HP: 36/36 MP: 21/21
  9993 | D:6      | Noticed Grinder
 10027 | D:6      | Killed Grinder
 10418 | D:6      | Noticed Ashar's ghost (novice DsMo)
 10840 | D:6      | Reached skill level 10 in Hexes
 10861 | D:6      | Killed Ashar's ghost
 10861 | D:6      | Reached XP level 9. HP: 39/44 MP: 11/22
 11000 | D:6      | Found an ancient bone altar of Kikubaaqudgha.
 11563 | D:7      | Reached skill level 6 in Stealth
 11749 | D:7      | You fall through a shaft for 2 floors!
 11803 | D:9      | Reached skill level 7 in Stealth
 11956 | D:9      | Reached skill level 8 in Stealth
 12250 | D:8      | Found an iron altar of Okawaru.
 12290 | D:8      | Reached skill level 9 in Stealth
 12413 | D:7      | Reached skill level 10 in Stealth
 13048 | D:7      | Reached skill level 11 in Stealth
 13418 | D:7      | Reached XP level 10. HP: 51/51 MP: 21/23
 13732 | D:8      | Noticed a two-headed ogre
 13743 | D:8      | Killed a two-headed ogre
 13743 | D:8      | Reached skill level 5 in Fighting
 14441 | D:9      | Found Giutuanu's Assorted Antiques.
 14450 | D:9      | Bought a potion of curing for 96 gold pieces
 14450 | D:9      | Bought a potion of resistance for 320 gold pieces
 14450 | D:9      | Bought a potion of might for 128 gold pieces
 14450 | D:9      | Bought a brown potion for 28 gold pieces
 14507 | D:9      | Found Xeommiy's Food Shop.
 14807 | D:9      | Found Hocon's Antique Armour Shoppe.
 15247 | D:9      | Bought a ration for 50 gold pieces
 15247 | D:9      | Bought a ration for 50 gold pieces
 15247 | D:9      | Bought a ration for 50 gold pieces
 15247 | D:9      | Bought a ration for 50 gold pieces
 15247 | D:9      | Bought a ration for 50 gold pieces
 15247 | D:9      | Bought a ration for 50 gold pieces
 15247 | D:9      | Bought a ration for 50 gold pieces
 15247 | D:9      | Bought a ration for 50 gold pieces
 15247 | D:9      | Bought a ration for 50 gold pieces
 15247 | D:9      | Bought a ration for 50 gold pieces
 15276 | D:9      | Found a roughly hewn altar of Beogh.
 15355 | D:9      | Found a staircase to the Orcish Mines.
 16132 | D:9      | Found a basalt altar of Yredelemnul.
 17329 | D:9      | Noticed a three-headed hydra
 17718 | D:10     | Entered Level 10 of the Dungeon
 17780 | D:10     | Learned a level 5 spell: Metabolic Englaciation
 17835 | D:10     | Found a staircase to the Lair.
 17941 | D:10     | Reached skill level 1 in Ice Magic
 17941 | D:10     | Reached XP level 11. HP: 60/60 MP: 20/24
 19010 | Lair:1   | Entered Level 1 of the Lair of Beasts
 19550 | Lair:1   | Reached skill level 5 in Dodging
 20351 | Lair:2   | Found a labyrinth entrance.
 20358 | Lab      | Entered a labyrinth
 20777 | Lab      | Noticed a minotaur
 20795 | Lab      | Killed a minotaur
 20801 | Lab      | Got an iridescent rapier {venom}
 20802 | Lab      | Identified the +6 rapier of Goef {venom, *Drain +Blink Str+7 Int+4} (You took it off a minotaur in a labyrinth)
 20831 | Lair:2   | Found a hazy altar of Hepliaklqana.
 20868 | Lair:2   | Learned a level 3 spell: Mephitic Cloud
 21006 | Lair:2   | Reached skill level 10 in Dodging
 21167 | Lair:2   | Reached skill level 12 in Stealth
 21623 | Lair:2   | Reached skill level 13 in Stealth
 21734 | Lair:2   | Noticed a five-headed hydra
 21743 | Lair:2   | Killed a five-headed hydra
 22164 | Lair:3   | Reached XP level 12. HP: 66/66 MP: 25/25
 22184 | Lair:2   | Reached skill level 14 in Stealth
 22790 | Lair:3   | Reached skill level 15 in Stealth
 22805 | Lair:3   | Found a hole to the Spider Nest.
 23004 | Lair:3   | Reached skill level 1 in Conjurations
 23479 | Lair:4   | Noticed Josephine
 23486 | Lair:4   | Killed Josephine
 24458 | Lair:4   | Found a staircase to the Shoals.
 24652 | Lair:5   | Noticed a four-headed hydra
 24659 | Lair:5   | Killed a four-headed hydra
 24874 | Lair:5   | Found a staircase to the Slime Pits.
 25878 | Lair:6   | Entered Level 6 of the Lair of Beasts
 25878 | Lair:6   | Noticed a seven-headed hydra
 26263 | Lair:5   | Reached XP level 13. HP: 70/70 MP: 21/26
 26338 | Lair:6   | Noticed bmj180's ghost (journeyman MiFi)
 26854 | D:9      | Found a deep blue altar of Sif Muna.
 27134 | Orc:1    | Entered Level 1 of the Orcish Mines
 27142 | Orc:1    | Found Usav's Antique Armour Emporium.
 27151 | Orc:1    | Bought a glowing cloak for 210 gold pieces
 27370 | Orc:2    | Entered Level 2 of the Orcish Mines
 27398 | Orc:2    | Noticed Rupert
 27738 | Orc:2    | Paralysed by Rupert for 3 turns
 28374 | Orc:2    | Killed Rupert
 28374 | Orc:2    | Reached skill level 10 in Short Blades
 29196 | D:11     | Noticed Urug
 29307 | D:11     | Killed Urug
 29749 | D:11     | Noticed Grum
 29974 | D:11     | Killed Grum
 30097 | D:11     | Found a shattered altar of Ashenzari.
 31030 | D:12     | Found Ritzerux's Antique Armour Boutique.
 31036 | D:12     | Bought a runed robe for 92 gold pieces
 31326 | D:12     | Noticed Thaneod's ghost (journeyman DEFE)
 31750 | D:13     | Noticed Maurice
 32330 | D:13     | Noticed Kirke
 32525 | D:13     | Killed Maurice
 33683 | Lair:6   | Reached XP level 14. HP: 75/75 MP: 15/27
 33691 | Lair:6   | Reached skill level 1 in Evocations
 33826 | Lair:6   | Cast into level 2 of the Abyss (a Zot trap)
 34069 | Abyss:2  | Noticed a tentacled starspawn
 34220 | Abyss:2  | Noticed a black draconian annihilator
 34242 | Abyss:2  | Noticed a tentacled starspawn
 34366 | Abyss:2  | Found a corrupted altar of Lugonu.
 34823 | Abyss:2  | Reached skill level 16 in Stealth
 34946 | Abyss:2  | Noticed a tentacled starspawn
 34953 | Abyss:2  | Killed from afar by a smoke demon

Skill      XL: |  1  2  3  4  5  6  7  8  9 10 11 12 13 14 |
---------------+-------------------------------------------+-----
Spellcasting   | 3 4 5 8 |  8.1
Stealth        | 5 11 13 15 16 | 16.2
Hexes          | 4 5 6 10 12 | 12.3
Short Blades   | 3 5 8 14 | 14.0
Fighting       | 3 4 8 9 |  9.1
Ice Magic      | 1 3 |  3.3
Dodging        | 10 | 10.0
Conjurations   | 3 |  3.3
Evocations     | 4 |  4.2

Action                   |  1- 3 |  4- 6 |  7- 9 | 10-12 | 13-15 || total
-------------------------+-------+-------+-------+-------+-------++-------
Melee: Dagger            |   183 |   287 |   411 |   477 |       ||  1358
       Hand axe          |    10 |       |       |       |       ||    10
       Rapier            |       |       |       |   173 |   508 ||   681
 Cast: Corona            |    43 |    65 |    85 |   112 |     7 ||   312
       Ensorcelled Hiber |    14 |    56 |    40 |    76 |    78 ||   264
       Confuse           |       |     9 |    77 |   153 |    50 ||   289
       Tukima's Dance    |       |     7 |    14 |    13 |    27 ||    61
       Metabolic Englaci |       |       |       |     5 |    20 ||    25
       Mephitic Cloud    |       |       |       |     3 |     8 ||    11
       Dazzling Spray    |       |       |       |       |    11 ||    11
 Abil: Evoke Blink       |       |       |       |       |     1 ||     1
Evoke: Wand              |       |       |       |     5 |     2 ||     7
  Use: Scroll            |       |     2 |     8 |    12 |     4 ||    26
       Potion            |       |     2 |       |     4 |     9 ||    15
 Stab: Sleeping          |    16 |    25 |    32 |    88 |    61 ||   222
       Confused          |       |     4 |    44 |   108 |    24 ||   180
       Distracted        |       |     1 |       |     3 |     3 ||     7
       Invisible         |       |       |       |       |     1 ||     1
  Eat: Ration            |       |     4 |     3 |     8 |     7 ||    22
Armor: Robe              |    23 |    22 |    14 |    12 |    18 ||    89
Dodge: Dodged            |   198 |   233 |   226 |   354 |   308 ||  1319
